 Dungeon Crawl Stone Soup version 0.32-a0-360-gcd93b57ba1 (webtiles) character file.

Game seed: 6948259713236810604

437 Hemera the Covered (level 6, 0/56 HPs)
             Began as a Mountain Dwarf Fighter on Feb 17, 2024.
             Slain by Pargi (4 damage)
             ... in a sewer on Feb 18, 2024.
             The game lasted 00:06:06 (2429 turns).

Hemera the Covered (Mountain Dwarf Fighter)         Turns: 2429, Time: 00:06:07

Health: 0/56       AC:  7    Str: 26    XL:     6   Next: 69%
Magic:  6/6        EV:  9    Int:  9    God:
Gold:   215        SH: 10    Dex:  9    Spells: 5/5 levels left

rFire   . . .        a - +0 war axe
rCold   . . .        c - +1 buckler
rNeg    . . .        b - +0 scale mail
rPois   .            (no helmet)
rElec   .            (no cloak)
rCorr   .            (no gloves)
SInv    .            (no boots)
Will    +....        k - amulet of reflection Stlth
                     e - ring of willpower
HPRegen 0.29/turn    i - +6 ring of strength
MPRegen 0.10/turn

%: reflection
@: mighty, very slow
A: runic magic, artefact enchanting
a: no special abilities


You were in a sewer.
You visited 1 branch of the dungeon, and saw 4 of its levels.
You also visited: Sewer.

You collected 215 gold pieces.

Inventory:

Hand Weapons
 a - a +0 war axe (weapon)
Missiles
 p - 13 poisoned darts (quivered)
Armour
 b - a +0 scale mail (worn)
 c - a +1 buckler (worn)
Jewellery
 e - a ring of willpower (left hand)
 i - a +6 ring of strength (right hand)
 k - an amulet of reflection (around neck)
Scrolls
 f - a scroll of vulnerability
 j - a scroll of immolation
 l - a scroll of brand weapon {unknown}
 m - a scroll of fog {unknown}
 r - 2 scrolls of enchant armour
 s - a scroll of noise {unknown}
 v - a scroll of butterflies {unknown}
Potions
 d - a potion of might
 g - 3 potions of heal wounds {unknown}
 h - a potion of degeneration {unknown}
 n - a potion of curing {unknown}
 o - a potion of haste {unknown}
 q - 2 potions of berserk rage {unknown}
 t - a potion of lignification {unknown}
 u - a potion of experience {unknown}


   Skills:
 + Level 5.0 Fighting
 + Level 4.7 Axes
 + Level 5.0 Armour
 + Level 5.0 Shields


You had 5 spell levels left.
You didn't know any spells.
Your spell library contained the following spells:

 Spells                   Type           Power      Damage    Failure   Level
 Freeze                   Ice            0%         1d3       50%         1
 Mercury Vapours          Alch/Air       0%         N/A       65%         2
 Frozen Ramparts          Ice            0%         1d1       86%         3
 Hailstorm                Conj/Ice       0%         3d5       86%         3
 Mephitic Cloud           Conj/Alch/Air  0%         N/A       86%         3
 Olgreb's Toxic Radiance  Alch           0%         N/A       99%         4
 Freezing Cloud           Conj/Ice/Air   0%         6-21      100%        5
 Ozocubu's Refrigeration  Ice            0%         4d7       100%        7
 Discord                  Hex            0%         N/A       100%        8


Dungeon Overview and Level Annotations

Branches:
Dungeon (4/15)              Sewer (1/1)
 Temple: D:4-7

Altars:
Kikubaaqudgha

Annotations:
Sewer Pargi


Innate Abilities, Weirdness & Mutations

Your spellcasting is much less encumbered by armour.
You can use scrolls of enchantment on lesser artefacts.


Message History

Pargi bites you. Pargi barely misses you. Pargi claws you but does no damage.
You closely miss Pargi.
Pargi is severely wounded.
Pargi closely misses you. Pargi claws you but does no damage. x2
Your unstable footing causes you to fumble your attack.
Pargi bites you. Pargi claws you but does no damage. x2
You barely miss Pargi.
Pargi is severely wounded.
Pargi bites you.
* * * LOW HITPOINT WARNING * * *
Pargi claws you but does no damage. Pargi barely misses you.
Your unstable footing causes you to fumble your attack.
Pargi bites you!
* * * LOW HITPOINT WARNING * * *
Pargi claws you but does no damage. You block Pargi's attack.
Pargi snarls, "My home!
Leave!"
You block Pargi's attack. Pargi barely misses you. x2
Your unstable footing causes you to fumble your attack.
You block Pargi's attack. Pargi closely misses you. You block Pargi's attack.
You miss Pargi.
Pargi is heavily wounded.
Pargi bites you but does no damage. You block Pargi's attack. Pargi claws you.
* * * LOW HITPOINT WARNING * * *
You barely miss Pargi.
Pargi is heavily wounded.
Pargi barely misses you. Pargi claws you but does no damage. x2
You hit Pargi.
Pargi is severely wounded.
Pargi bites you but does no damage. Pargi claws you but does no damage.
You block Pargi's attack. Pargi bites you.
* * * LOW HITPOINT WARNING * * *
Pargi barely misses you. Pargi closely misses you.
Okay, then.
You feel very mighty all of a sudden. Pargi bites you but does no damage.
Pargi barely misses you. Pargi claws you but does no damage.
You completely miss Pargi.
Pargi is heavily wounded.
Pargi bites you.
You die...

≈≈≈≈≈≈≈≈≈≈≈≈≈##
≈≈≈≈≈≈≈≈≈≈≈≈≈≈##
.≈≈≈≈≈≈≈≈≈≈≈≈≈≈≈
#..≈≈≈≈≈≈≈≈≈≈≈≈≈
.~≈≈≈≈≈≈≈≈≈≈≈≈
~~~≈≈≈≈≈≈≈≈≈
#T~≈≈≈≈≈≈≈≈
#@≈≈≈≈≈≈≈≈
#..≈≈≈≈≈≈≈
##..≈≈≈≈≈≈ #
#.~≈≈≈≈≈≈ # #####
#.≈≈≈≈≈≈≈ #
#...#######~≈≈≈≈≈≈≈
#
#.∩~~~~~~~.≈≈≈≈≈≈≈≈
#)..#######~≈≈≈≈≈≈≈
##### #~≈≈≈≈≈≈≈


You could see Pargi.

Vanquished Creatures
  A phantom (D:3)
  A brain worm (Sewer)
  An iguana (D:4)
  An orc wizard (D:2)
  5 adders
  3 river rats (D:4)
  3 ribbon worms
  3 dart slugs
  3 orcs
  12 ball pythons
  9 bats
  5 endoplasms
  A giant cockroach (D:1)
  4 goblins
  9 hobgoblins
  4 jackals (D:3)
  7 kobolds
  4 quokkas
  6 frilled lizards
  13 rats
95 creatures vanquished.

Vanquished Creatures (others)
  A kobold (D:3)
1 creature vanquished.

Grand Total: 96 creatures vanquished

Notes
Turn   | Place    | Note
-------+----------+-------------------------------------------
     0 | D:1      | Hemera the Mountain Dwarf Fighter began the quest for the
                  | Orb.
     0 | D:1      | Reached XP level 1. HP: 19/19 MP: 1/1
    41 | D:1      | Reached XP level 2. HP: 21/26 MP: 2/2
   269 | D:1      | Reached XP level 3. HP: 33/33 MP: 3/3
   578 | D:1      | Upgraded the game from 0.32-a0-350-g4f4d228785 to
                  | 0.32-a0-360-gcd93b57ba1
   753 | D:2      | Reached XP level 4. HP: 32/40 MP: 4/4
   904 | D:2      | Found an ancient bone altar of Kikubaaqudgha.
  1271 | D:3      | Noticed a phantom
  1281 | D:3      | Killed a phantom
  1282 | D:3      | Reached XP level 5. HP: 35/47 MP: 5/5
  1704 | D:3      | Reached XP level 6. HP: 48/53 MP: 6/6
  2122 | D:4      | Found a glowing drain.
  2152 | Sewer    | Entered a sewer
  2175 | Sewer    | Reached skill level 5 in Fighting
  2175 | Sewer    | Reached skill level 5 in Armour
  2175 | Sewer    | Reached skill level 5 in Shields
  2383 | Sewer    | Noticed Pargi
  2429 | Sewer    | Slain by Pargi

Illustrated notes

Levels and vault maps discovered:
D:1:      lemuel_arrival_behind_the_door_small, layout_basic
D:2:      layout_rooms, basic_altar
D:3:      layout_loops_cross, chequers_hall_statues_wall_a,
          minmay_three_crescents
D:4:      layout_cave_pools, portal_sewer_entry_b, eino_tiny_chamber,
          uniq_grinder
Sewer:    sewer_co_pargi_island

Skill      XL: |  1  2  3  4  5  6 |
---------------+-------------------+-----
Axes           | 3 4 |  4.7
Fighting       | 4 5 |  5.0
Armour         | 4 5 |  5.0
Shields        | 4 5 |  5.0

Action                     |  1- 3 |  4- 6 || total
---------------------------+-------+-------++-------
  Melee: War axe           |    71 |   232 ||   303
    Use: Scroll            |       |     4 ||     4
         Potion            |       |     1 ||     1
 Armour: Scale mail        |    56 |   206 ||   262
  Dodge: Dodged            |    35 |   106 ||   141
  Block: Buckler           |    15 |   147 ||   162
         Reflection        |       |     6 ||     6

Table legend: (Time is in decaauts)
 A = Elapsed time spent in this place.
 B = Non-inter-level travel time spent in this place.
 C = Inter-level travel time spent in this place.
 D = Time resting spent in this place.
 E = Time spent auto-exploring this place.
 F = Levels seen in this place.
 G = Mean time per level.
                   A        B        C        D        E       F      G
               +--------+--------+--------+--------+--------+-----+--------+
         Total |   2549 |   2502 |     47 |      0 |   1849 |   5 |  509.8 |
       Dungeon |   2233 |   2186 |     47 |      0 |   1650 |   4 |  558.2 |
         Sewer |    316 |    316 |      0 |      0 |    199 |   1 |  316.0 |
               +--------+--------+--------+--------+--------+-----+--------+

Top non-repeatable levels by time:
     D:3: 863 daAuts
     D:1: 706 daAuts
     D:2: 611 daAuts
   Sewer: 316 daAuts
     D:4: 51 daAuts
